 Dungeon Crawl Stone Soup version 0.31-a0-986-g5e6e4ef867 (webtiles) character file.

Game seed: 375898647384248578

247 wingedge the Digger (level 5, 0/38 HPs)
             Began as a Demigod Earth Elementalist on Nov 8, 2023.
             Slain by a hobgoblin
             ... wielding a +0 club
              (2 damage)
             ... on level 4 of the Dungeon.
             The game lasted 00:07:26 (3680 turns).

wingedge the Digger (Demigod Earth Elementalist)    Turns: 3680, Time: 00:07:27

Health: 0/38       AC:  8    Str:  9    XL:     5   Next: 54%
Magic:  7/12       EV: 12    Int: 27    God:
Gold:   129        SH:  0    Dex: 14    Spells: 3/10 levels left

rFire   . . .        l - staff of cold
rCold   + . .        (no shield)
rNeg    . . .        a - +0 robe
rPois   .            (no helmet)
rElec   .            (no cloak)
rCorr   .            (no gloves)
SInv    .            (no boots)
Will    .....        (no amulet)
Stlth   ++           k - +6 ring of intelligence
HPRegen 0.26/turn    (no ring)
MPRegen 0.13/turn

%: no passive effects
@: ice-armoured, very slightly contaminated
A: high MP 1, forlorn, divine attributes
a: no special abilities


You were on level 4 of the Dungeon.
You visited 1 branch of the dungeon, and saw 4 of its levels.

You collected 129 gold pieces.

Inventory:

Hand Weapons
 d - a +0 trident
 n - the +4 hand axe of the Usurping Pariah {antimagic, Will+ Int+2 Dex+3}
   (You found it on level 4 of the Dungeon)

   Int+2:     It affects your intelligence (+2).
   Dex+3:     It affects your dexterity (+3).
   Will+:     It increases your willpower.
Armour
 a - a +0 robe (worn)
Magical Staves
 j - a staff of air
 l - a staff of cold (weapon)
Jewellery
 k - a +6 ring of intelligence (left hand)
Scrolls
 c - a scroll of enchant weapon {unknown}
 e - 2 scrolls of teleportation {unknown}
 f - 2 scrolls of revelation {unknown}
 i - 3 scrolls of silence {unknown}
 q - a scroll of identify {unknown}
 r - 3 scrolls of amnesia {unknown}
Potions
 g - 2 potions of heal wounds {unknown}
 h - 2 potions of curing {unknown}
 m - a potion of degeneration {unknown}
 o - 2 potions of haste {unknown}
 p - a potion of ambrosia {unknown}


   Skills:
 - Level 1.7 Dodging
 - Level 1.7 Stealth
 + Level 3.1 Spellcasting
 + Level 2.5 Conjurations
 - Level 0.8 Transmutations
 + Level 1.6 Ice Magic
 + Level 3.9 Earth Magic


You had 3 spell levels left.
You knew the following spells:

 Your Spells              Type           Power      Damage    Failure   Level
a - Sandblast             Erth           50%        2d12      1%          1
b - Stone Arrow           Conj/Erth      42%        3d9       7%          3
c - Ozocubu's Armour      Ice            19%        N/A       13%         3

Your spell library contained the following spells:

 Spells                   Type           Power      Damage    Failure   Level
 Passwall                 Tmut/Erth      14%        N/A       4%          2
 Brom's Barrelling Bould  Conj/Erth      21%        2d4       22%         4
 Petrify                  Tmut/Erth      17%        N/A       32%         4
 Metabolic Englaciation   Hex/Ice        6%         N/A       86%         5
 Simulacrum               Ice/Necr       6%         N/A       100%        6


Dungeon Overview and Level Annotations

Branches:
Dungeon (4/15)
 Temple: D:4-7

Shops:
D:2 *


Innate Abilities, Weirdness & Mutations

You have an increased reservoir of magic. (+10% MP)
You shall have no god before yourself.
Your divine heritage dramatically boosts your attributes as you level up.


Message History

Casting: Sandblast (safe; 1% risk of failure)
Confirm with . or Enter, or press ? or * to list all spells.
Aiming: Stone Arrow (dangerous; 7% risk of failure)
Press: ? - help, Shift-Dir - straight line, f - adder
Aim: an adder (53% to hit)
The stone arrow hits the adder!!
You kill the adder!
The goblin unwields a +0 sling.
The goblin hits you. The hobgoblin hits you with a +0 club.
* * * LOW HITPOINT WARNING * * *
The hobgoblin hits you with a +0 club.
* * * LOW HITPOINT WARNING * * *
Okay, then.
Okay, then.
Casting: Stone Arrow (dangerous; 7% risk of failure)
Confirm with . or Enter, or press ? or * to list all spells.
You feel a surge of power! A film of ice covers your body!
The goblin barely misses you. The hobgoblin closely misses you.
The hobgoblin misses you. Magic courses through your body.
The goblin barely misses you. The hobgoblin barely misses you.
The hobgoblin closely misses you.
Casting: Ozocubu's Armour (quite dangerous; 13% risk of failure)
Confirm with . or Enter, or press ? or * to list all spells.
Aiming: Stone Arrow (dangerous; 7% risk of failure)
Press: ? - help, Shift-Dir - straight line, f - hobgoblin
Aim: a hobgoblin, wielding a +0 club (71% to hit)
You miscast Stone Arrow.
You are very lightly contaminated with residual magic.
Nothing appears to happen.
The goblin hits you but does no damage. The hobgoblin barely misses you.
The hobgoblin hits you with a +0 club.
* * * LOW HITPOINT WARNING * * *
A hobgoblin comes into view. It is wielding a +0 sling.
Casting: Stone Arrow (dangerous; 7% risk of failure)
Confirm with . or Enter, or press ? or * to list all spells.
Aiming: Stone Arrow (dangerous; 7% risk of failure)
Press: ? - help, Shift-Dir - straight line, f/p - hobgoblin
Aim: a hobgoblin, wielding a +0 club (71% to hit)
The stone arrow misses the hobgoblin.
The goblin barely misses you. The hobgoblin hits you with a +0 club.
You die...

############# .).....#....# .
.......#....# ' ...
########....#########g...
......#......#...)g......
..^...'......'..g@)).)...
......#......#...g)......
########.).)#########....
)......#....# ... )......#.)..# .
#########)'########################
≈≈≈≈≈≈~~....~~≈≈≈≈≈≈≈≈≈≈≈≈≈≈≈≈≈≈≈≈≈
≈≈≈≈≈≈~~....~~~≈≈~~~≈≈≈≈≈≈≈≈≈≈≈≈≈≈≈
~~~≈~≈~.....)≈~~~≈~~~~~~~~~~~~~~≈≈~


You could see 3 hobgoblins and a goblin.

Vanquished Creatures
  An iguana (D:4)
  4 gnolls (D:4)
  5 adders
  2 worms
  5 dart slugs
  8 ball pythons
  3 bats
  7 endoplasms
  5 giant cockroaches
  25 goblins
  17 hobgoblins
  5 jackals
  5 kobolds
  3 quokkas
  8 frilled lizards
  4 rats
107 creatures vanquished.

Notes
Turn   | Place    | Note
-------+----------+-------------------------------------------
     0 | D:1      | wingedge the Demigod Earth Elementalist began the quest for
                  | the Orb.
     0 | D:1      | Reached XP level 1. HP: 14/14 MP: 5/5
     1 | D:1      | Noticed an electric eel
   236 | D:1      | Reached XP level 2. HP: 20/20 MP: 2/7
   399 | D:1      | Reached skill level 1 in Conjurations
   834 | D:1      | Reached XP level 3. HP: 26/26 MP: 6/9
   863 | D:1      | Learned a level 3 spell: Stone Arrow
  1569 | D:2      | Learned a level 3 spell: Ozocubu's Armour
  1840 | D:2      | Found Yjafibio's General Store.
  1893 | D:3      | Reached XP level 4. HP: 33/33 MP: 4/10
  2547 | D:4      | Reached skill level 1 in Ice Magic
  2615 | D:4      | Identified the +4 hand axe of the Usurping Pariah
                  | {antimagic, Will+ Int+2 Dex+3}
  2938 | D:4      | Reached XP level 5. HP: 38/38 MP: 8/12
  3680 | D:4      | Slain by a hobgoblin

Illustrated notes

Levels and vault maps discovered:
D:1:      arrival_aquarium_a, layout_loops_ring
D:2:      layout_loops_cross, serial_shops, shop, minmay_parallelograms
D:3:      layout_rooms
D:4:      minmay_goblin_kobold_castle, layout_rooms

Skill      XL: |  1  2  3  4  5 |
---------------+----------------+-----
Spellcasting   | 2 3 |  3.1
Earth Magic    | 3 |  3.9
Conjurations   | 1 2 |  2.5
Ice Magic      | 1 |  1.6
Dodging        | |  1.7
Stealth        | |  1.7
Transmutations | |  0.8

Action                     |  1- 3 |  4- 6 || total
---------------------------+-------+-------++-------
  Melee: Staff             |       |     2 ||     2
         Hand axe          |       |     1 ||     1
   Cast: Sandblast         |    77 |    56 ||   133
         Stone Arrow       |       |    19 ||    19
         Ozocubu's Armour  |       |     1 ||     1
    Use: Potion            |       |     1 ||     1
 Armour: Robe              |     9 |    43 ||    52
  Dodge: Dodged            |     7 |    41 ||    48

Table legend: (Time is in decaauts)
 A = Elapsed time spent in this place.
 B = Non-inter-level travel time spent in this place.
 C = Inter-level travel time spent in this place.
 D = Time resting spent in this place.
 E = Time spent auto-exploring this place.
 F = Levels seen in this place.
 G = Mean time per level.
                   A        B        C        D        E       F      G
               +--------+--------+--------+--------+--------+-----+--------+
         Total |   3742 |   3674 |     68 |    580 |   2543 |   4 |  935.5 |
       Dungeon |   3742 |   3674 |     68 |    580 |   2543 |   4 |  935.5 |
               +--------+--------+--------+--------+--------+-----+--------+

Top non-repeatable levels by time:
     D:4: 1080 daAuts
     D:1: 1018 daAuts
     D:2: 888 daAuts
     D:3: 756 daAuts
